 Dungeon Crawl Stone Soup version 0.26-a0-660-gc07710193c (webtiles) character file.

Game seed: 2132708038993889528

1481 DogServant the Protected (level 9, -8/64 HPs)
             Began as a Formicid Fighter on Oct 6, 2020.
             Was a Believer of Elyvilon.
             Mangled by an ogre
             ... wielding a +0 giant club
              (23 damage)
             ... on level 7 of the Dungeon.
             The game lasted 00:08:48 (5633 turns).

DogServant the Protected (Formicid Fighter)         Turns: 5633, Time: 00:08:50

Health: -8/64      AC: 10    Str: 23      XL:     9   Next: 7%
Magic:  6/9        EV:  8    Int:  8      God:    Elyvilon [**....]
Gold:   396        SH: 10    Dex: 15 (17) Spells: 8/8 levels left

rFire    . . .     SeeInvis +   a - +0 war axe
rCold    . . .     Faith    .   c - +0 kite shield
rNeg     . . .     Spirit   .   b - +1 scale mail
rPois    .         Reflect  .   (helmet unavailable)
rElec    .         Harm     .   r - scarf {shadows}
rCorr    .         Rampage  .   l - +0 pair of gloves
MR       +....                  (no boots)
Stlth    ..........             (no amulet)
HPRegen  0.20/turn              j - +6 ring of dexterity
MPRegen  0.11/turn              d - ring of protection from magic

@: no status effects
A: permanent stasis, dig shafts and tunnels, four strong arms, antennae 3
a: Dig, Shaft Self, Lesser Healing, Heal Other, Divine Protection, Renounce
Religion


You were on level 7 of the Dungeon.
You worshipped Elyvilon.
Elyvilon was pleased with you.
You visited 1 branch of the dungeon, and saw 7 of its levels.

You collected 396 gold pieces.

Inventory:

Hand Weapons
 a - a +0 war axe (weapon)
Missiles
 h - 7 javelins (quivered)
Armour
 b - a +1 scale mail (worn)
 c - a +0 kite shield (worn)
 k - a +0 cloak
 l - a +0 pair of gloves (worn)
 r - a scarf of shadows (worn)
Jewellery
 d - a ring of protection from magic (right hand)
 j - a +6 ring of dexterity (left hand)
Scrolls
 f - a scroll of enchant weapon {unknown}
 i - 2 scrolls of immolation {unknown}
 m - 4 scrolls of fog
 n - 4 scrolls of blinking
 o - 4 scrolls of teleportation
 p - a scroll of remove curse {unknown}
 v - 3 scrolls of identify
 y - 2 scrolls of amnesia
 B - 3 scrolls of magic mapping {unknown}
Potions
 e - 3 potions of brilliance
 g - 2 potions of lignification
 q - a potion of haste {unknown}
 s - a potion of magic {unknown}
 t - a potion of invisibility {unknown}
 u - a potion of flight {unknown}
 w - 2 potions of mutation {unknown}
 x - a potion of resistance {unknown}
 z - a potion of degeneration {unknown}


   Skills:
 - Level 3.2 Fighting
 + Level 7.8 Axes
 + Level 8.9 Armour
 - Level 3.6 Shields


You had 8 spell levels left.
You didn't know any spells.
Your spell library was empty.

Dungeon Overview and Level Annotations

Branches:
Dungeon (7/15)
 Temple: D:4-7

Altars:
Ashenzari
Elyvilon
Wu Jian
The Shining One

Shops:
D:5 *


Innate Abilities, Weirdness & Mutations

You cannot be hasted, slowed, berserked, paralysed or teleported.
You can dig through walls and to a lower floor.
Your four strong arms can wield two-handed weapons with a shield.
You have a pair of large antennae on your head. (SInv)


Message History

You slash the ogre!
The ogre is severely wounded.
You hit the howler monkey. You hit the centaur. You block the ogre's attack.
The centaur hits you.
* * * LOW HITPOINT WARNING * * *
You block the howler monkey's attack.
You are healed.
You block the centaur's attack.
The howler monkey hits you but does no damage.
The ogre closely misses you. The centaur hits you!
* * * LOW HITPOINT WARNING * * *
You are healed.
The howler monkey misses you.
The centaur hits you but does no damage.
You block the ogre's attack. You block the howler monkey's attack.
You hit the ogre but do no damage.
The ogre is severely wounded.
You closely miss the centaur. You closely miss the howler monkey.
You block the centaur's attack. x2; The howler monkey hits you.
* * * LOW HITPOINT WARNING * * *
The ogre hits you with a +0 giant club!!
You die...

.....# ...... .....#
...... #...###......
#............ ..
#............
....####..?.........
.....c@h............
.....O##......#########
...... +...............
.#.... #............###
#.... ##.#.........#
#.... #.#....######
##### ....##.......
.....##.......
..............?


You could see an ogre, a centaur and a howler monkey.

Vanquished Creatures
  Grinder (D:3)
  A centaur (D:5)
  2 bullfrogs
  A gnoll sergeant (D:6)
  A scorpion (D:4)
  2 howler monkeys (D:7)
  A quasit (D:6)
  An orc priest (D:4)
  5 hounds
  3 orc wizards
  A bullfrog skeleton (D:4)
  A centaur skeleton (D:4)
  An iguana (D:6)
  10 worker ants
  9 gnolls (D:6)
  3 adders
  An ufetubus (D:6)
  An ooze (D:1)
  An adder skeleton (D:6)
  7 worms
  4 dart slugs
  3 leopard geckos
  16 orcs
  2 ball pythons (D:2)
  3 giant cockroaches
  7 goblins
  11 hobgoblins
  6 jackals (D:6)
  A quokka (D:2)
  11 bats
  6 frilled lizards
  9 kobolds
  A leopard gecko skeleton (D:5)
  10 rats
143 creatures vanquished.

Vanquished Creatures (others)
  A dart slug (D:2)
  An orc (D:4)
  A plant (D:3)
3 creatures vanquished.

Grand Total: 146 creatures vanquished

Notes
Turn   | Place    | Note
-------+----------+-------------------------------------------
     0 | D:1      | DogServant the Formicid Fighter began the quest for the
                  | Orb.
     0 | D:1      | Reached XP level 1. HP: 18/18 MP: 1/1
    86 | D:1      | Reached XP level 2. HP: 24/24 MP: 2/2
   376 | D:1      | Reached XP level 3. HP: 26/29 MP: 3/3
   432 | D:1      | Reached skill level 4 in Armour
   694 | D:1      | Found a broken altar of Ashenzari.
   886 | D:2      | Reached XP level 4. HP: 30/35 MP: 4/4
  1772 | D:3      | Noticed Grinder
  1783 | D:3      | Reached XP level 5. HP: 15/41 MP: 5/5
  1787 | D:3      | Killed Grinder
  1787 | D:3      | Reached skill level 5 in Armour
  1787 | D:3      | Reached XP level 6. HP: 18/47 MP: 6/6
  2626 | D:4      | Reached skill level 5 in Axes
  2626 | D:4      | Reached skill level 6 in Armour
  2626 | D:4      | Reached XP level 7. HP: 28/52 MP: 7/7
  2955 | D:4      | Found a white marble altar of Elyvilon.
  3055 | D:4      | Became a worshipper of Elyvilon the Healer
  3382 | D:4      | Reached skill level 7 in Armour
  3391 | D:4      | HP: 1/52 [orc wizard/magic dart (9)]
  3405 | D:4      | Reached XP level 8. HP: 30/58 MP: 8/8
  3992 | D:5      | Entered Level 5 of the Dungeon
  4140 | D:5      | Reached * piety under Elyvilon
  4346 | D:5      | Found Vufatz's General Store.
  4400 | D:5      | Found a white marble altar of Elyvilon.
  4400 | D:5      | Found a glowing golden altar of the Shining One.
  4402 | D:5      | Found an ornate altar of the Wu Jian Council.
  5104 | D:6      | Reached skill level 8 in Armour
  5500 | D:6      | Reached ** piety under Elyvilon
  5608 | D:7      | Reached XP level 9. HP: 46/64 MP: 9/9
  5633 | D:7      | Mangled by an ogre

Illustrated notes

Levels and vault maps discovered:
D:1:      doesnt_arrival_eight_statues, layout_loops_ring, ashenzari_altar_1
D:2:      layout_rooms
D:3:      cheibrodos_old_hovel, layout_loops_ring, mrwooster_statue_mirror,
          uniq_grinder
D:4:      layout_rooms, interstate_on_off, elyvilon_altar_4
D:5:      layout_basic, gammafunk_temple_overflow_forgotten, serial_shops,
          kennysheep_mini, kennysheep_generic_room_12
D:6:      layout_rooms, hangedman_decor_peaks_small
D:7:      layout_basic, minmay_temple_entry_mist, wad_mini_maze

Skill      XL: |  1  2  3  4  5  6  7  8 |
---------------+-------------------------+-----
Armour         | 4 5 6 7 8 |  8.9
Axes           | 3 4 5 6 7 |  7.8
Fighting       | |  3.2
Shields        | |  3.6

Action                   |  1- 3 |  4- 6 |  7- 9 || total
-------------------------+-------+-------+-------++-------
Melee: War axe           |    74 |   140 |   248 ||   462
Throw: Javelin           |       |     7 |    15 ||    22
Invok: Lesser Healing    |       |       |     3 ||     3
  Use: Scroll            |       |     9 |       ||     9
       Potion            |       |     1 |     6 ||     7
Armor: Scale mail        |    36 |    51 |   155 ||   242
Dodge: Dodged            |    21 |    46 |   116 ||   183
Block: Kite shield       |    34 |    77 |   177 ||   288

Table legend: (Time is in decaauts)
 A = Elapsed time spent in this place.
 B = Non-inter-level travel time spent in this place.
 C = Inter-level travel time spent in this place.
 D = Time resting spent in this place.
 E = Time spent auto-exploring this place.
 F = Levels seen in this place.
 G = Mean time per level.
                   A        B        C        D        E       F      G
               +--------+--------+--------+--------+--------+-----+--------+
         Total |   5788 |   5609 |    179 |   1132 |   3384 |   7 |  826.9 |
       Dungeon |   5788 |   5609 |    179 |   1132 |   3384 |   7 |  826.9 |
               +--------+--------+--------+--------+--------+-----+--------+

Top non-repeatable levels by time:
     D:4: 1363 daAuts
     D:3: 1055 daAuts
     D:1: 907 daAuts
     D:6: 836 daAuts
     D:2: 784 daAuts
     D:5: 765 daAuts
     D:7: 76 daAuts
